 Dungeon Crawl Stone Soup version 0.21.1-1-g345015f (webtiles) character file.

2200 Iko the Basher (level 9, -5/118 HPs)
             Began as a Minotaur Berserker on May 31, 2018.
             Was a Priest of Trog.
             Slain by a hippogriff (6 damage)
             ... on level 13 of the Dungeon.
             The game lasted 00:14:43 (1589 turns).

Iko the Basher (Minotaur Berserker)                 Turns: 1589, Time: 00:14:45

Health: -5/118     AC:  7    Str: 26    XL:     9   Next: 12%
Magic:  9/9        EV: 12    Int:  7    God:    Trog [***...]
Gold:   121        SH:  0    Dex: 11    Spells: 8/8 levels left

rFire    . . .     SeeInvis .   i - +4 flail (holy)
rCold    . . .     Gourm    .   (no shield)
rNeg     . . .     Faith    .   a - +0 scale mail
rPois    .         Spirit   .   (helmet restricted)
rElec    .         Reflect  .   (no cloak)
rCorr    .         Harm     .   (no gloves)
MR       .....                  (no boots)
Stlth    ..........             (no amulet)
HPRegen  0.29/turn              (no ring)
MPRegen  0.11/turn              (no ring)

@: berserking, very quick
A: retaliatory headbutt, horns 2
a: Berserk, Trog's Hand, Burn Spellbooks, Renounce Religion


You were on level 13 of the Dungeon.
You worshipped Trog.
Trog was most pleased with you.
You were hungry.

You visited 1 branch of the dungeon, and saw 13 of its levels.

You collected 121 gold pieces.

Inventory:

Hand Weapons
 i - a +4 flail of holy wrath (weapon)
Missiles
 b - 2 tomahawks (quivered)
Armour
 a - a +0 scale mail (worn)
Wands
 d - a wand of digging (16)
 e - a wand of iceblast (4)
 k - a wand of enslavement (8)
Scrolls
 f - a scroll of teleportation
 g - a scroll of fear
 h - a scroll of remove curse
 l - a scroll of identify
Comestibles
 c - a ration


   Skills:
 + Level 7.1 Fighting
 + Level 10.1 Maces & Flails
 + Level 2.4 Throwing
 + Level 6.0 Armour
 + Level 4.9 Dodging
 + Level 2.0 Stealth
 + Level 1.8 Evocations


You had 8 spell levels left.
You didn't know any spells.

Dungeon Overview and Level Annotations

Branches:
Dungeon (13/15)
 Temple: D:4-7         Lair: D:8-11         Orc: D:9-12      Vaults: D:13-14

Altars:
Ashenzari

Shops:
D:7 %


Innate Abilities, Weirdness & Mutations

You reflexively headbutt those who attack you in melee.
You have a pair of horns on your head.


Message History

The hippogriff claws you.
* * * LOW HITPOINT WARNING * * *
You hit the gargoyle.
The gargoyle is lightly damaged.
The hippogriff closely misses you.
The hippogriff pecks you but does no damage.
The hippogriff barely misses you. The gargoyle barely misses you.
You furiously retaliate!
You headbutt the gargoyle!
The hippogriff bites you but does no damage.
The hippogriff pecks you but does no damage.
The hippogriff barely misses you.
You hit the gargoyle. Your headbutt misses the gargoyle.
The gargoyle is severely damaged.
You hit the gargoyle. You headbutt the gargoyle.
The gargoyle is almost destroyed.
The hippogriff bites you but does no damage.
The hippogriff closely misses you. x2; The hippogriff bites you!
* * * LOW HITPOINT WARNING * * *
The hippogriff pecks you.
You die...

#.... #....
##....
#####....##
..........#
...)......##
..<).#.O...#
....)(.H@..#
#####..9H.#
#.<...#
#....(...#
.....###....#
...## #....#
.# #....#
.......
........


You could see a two-headed ogre, 2 hippogriffs and a gargoyle.

Vanquished Creatures
  The ghost of Amon001 the Grasshopper, a novice GnWr of Okawaru (D:4)
  Edmund (D:5)
  Duvessa (D:5)
  An orc warrior (D:9)
  A water moccasin (D:9)
  A sky beast (D:7)
  A phantom (D:4)
  An ice beast (D:7)
  An ogre (D:5)
  A necrophage (D:9)
  2 bullfrogs (D:9)
  Dowan (D:5)
  A water moccasin skeleton (D:4)
  2 scorpions
  3 howler monkeys (D:8)
  2 bullfrog zombies
  A hound (D:9)
  An orc priest (D:9)
  An orc wizard (D:13)
  An iguana (D:8)
  4 adders
  4 gnolls (D:3)
  An ooze (D:3)
  An adder skeleton (D:4)
  An adder zombie (D:5)
  2 leopard geckos (D:3)
  9 orcs
  4 bats
  A giant cockroach (D:3)
  A goblin (D:3)
  A hobgoblin (D:3)
  2 jackals (D:7)
  2 quokkas
  2 frilled lizards (D:3)
  A giant cockroach zombie (D:4)
  2 kobolds
  3 rats
66 creatures vanquished.

Vanquished Creatures (others)
  A centaur skeleton (D:13)
1 creature vanquished.

Grand Total: 67 creatures vanquished

Notes
Turn   | Place    | Note
-------+----------+-------------------------------------------
     0 | D:1      | Iko the Minotaur Berserker began the quest for the Orb.
     0 | D:1      | Reached XP level 1. HP: 19/19 MP: 0/0
    35 | D:1      | You fall through a shaft!
   117 | D:3      | Reached skill level 4 in Maces & Flails
   128 | D:3      | Reached XP level 2. HP: 27/27 MP: 1/1
   288 | D:3      | Noticed a scorpion
   296 | D:3      | Killed a scorpion
   296 | D:3      | Reached skill level 5 in Maces & Flails
   296 | D:3      | Reached XP level 3. HP: 23/34 MP: 2/2
   296 | D:3      | Reached XP level 4. HP: 28/41 MP: 3/3
   503 | D:3      | Reached ** piety under Trog
   510 | D:3      | Found a shattered altar of Ashenzari.
   707 | D:4      | Noticed Amon001's ghost (novice GnWr)
   723 | D:4      | Reached skill level 5 in Fighting
   723 | D:4      | Reached XP level 5. HP: 47/48 MP: 4/4
   767 | D:4      | Killed Amon001's ghost
   767 | D:4      | Reached skill level 7 in Maces & Flails
   767 | D:4      | Reached XP level 6. HP: 24/57 MP: 5/5
   767 | D:4      | Reached XP level 7. HP: 26/62 MP: 6/6
   801 | D:4      | Reached skill level 1 in Stealth
   824 | D:5      | Entered Level 5 of the Dungeon
   824 | D:5      | Noticed Duvessa
   833 | D:5      | Killed Duvessa
   834 | D:5      | Noticed Dowan
   837 | D:5      | Killed Dowan
   837 | D:5      | Reached skill level 8 in Maces & Flails
   848 | D:5      | Noticed Edmund
   860 | D:5      | Killed Edmund
   862 | D:5      | Reached XP level 8. HP: 21/71 MP: 7/7
   957 | D:5      | Found a shattered altar of Ashenzari.
  1000 | D:7      | Found Oloff's Food Shoppe.
  1007 | D:7      | Reached skill level 1 in Throwing
  1163 | D:8      | Reached skill level 9 in Maces & Flails
  1163 | D:8      | Reached skill level 5 in Armour
  1333 | D:9      | Reached skill level 1 in Evocations
  1351 | D:9      | HP: 2/106 [orc warrior/short sword (12)]
  1416 | D:9      | Reached *** piety under Trog
  1418 | D:9      | HP: 3/73 [poisoned by a water moccasin]
  1424 | D:9      | HP: 2/73 [poisoned by a water moccasin]
  1432 | D:9      | HP: 1/73 [poisoned by a water moccasin]
  1440 | D:9      | HP: 1/73 [poisoned by a water moccasin]
  1505 | D:10     | Entered Level 10 of the Dungeon
  1510 | D:10     | Reached XP level 9. HP: 18/79 MP: 9/9
  1576 | D:13     | Noticed a gargoyle
  1582 | D:13     | Noticed a two-headed ogre
  1582 | D:13     | Reached skill level 10 in Maces & Flails
  1589 | D:13     | HP: 1/118 [hippogriff (7)]
  1589 | D:13     | Slain by a hippogriff

Skill      XL: |  1  2  3  4  5  6  7  8  9 |
---------------+----------------------------+-----
Maces & Flails | 4 5 7 8 9 10 | 10.1
Fighting       | 4 5 6 7 |  7.1
Armour         | 3 4 5 6 |  6.0
Dodging        | 3 4 |  4.9
Stealth        | 1 2 |  2.0
Throwing       | 2 |  2.4
Evocations     | 1 |  1.8

Action                   |  1- 3 |  4- 6 |  7- 9 || total
-------------------------+-------+-------+-------++-------
Melee: Flail             |    26 |    48 |    97 ||   171
       Mace              |     6 |       |       ||     6
       Headbutt          |     2 |     5 |    12 ||    19
Throw: Tomahawk          |       |       |    12 ||    12
Invok: Berserk           |       |     2 |     4 ||     6
Evoke: Wand              |       |     2 |    11 ||    13
  Use: Potion            |     2 |     2 |     3 ||     7
       Scroll            |     2 |     2 |     2 ||     6
 Stab: Sleeping          |     1 |       |       ||     1
  Eat: Ration            |       |     1 |     1 ||     2
       Chunk             |       |       |     1 ||     1
Armor: Scale mail        |    10 |    19 |    34 ||    63
       Animal skin       |     1 |       |       ||     1
Dodge: Dodged            |    18 |    27 |    54 ||    99
